 Dungeon Crawl Stone Soup version 0.28.0-47-ge53b351184 (console) character file.

Game seed: 17740120184501575563

4389 Faeu the Protected (level 10, -3/81 HPs)
             Began as a Minotaur Fighter on May 2, 2022.
             Was a Follower of Hepliaklqana.
             Slain by a gnoll sergeant
             ... wielding a +0 halberd
              (4 damage)
             ... in a bailey.
             The game lasted 00:26:34 (8643 turns).

Faeu the Protected (Minotaur Fighter)               Turns: 8643, Time: 00:26:34

Health: -3/81      AC: 15    Str: 28    XL:     10   Next: 13%
Magic:  0/9        EV:  9    Int:  5    God:    Hepliaklqana [*.....]
Gold:   375        SH:  6    Dex: 10    Spells: 9/9 levels left

rFire   . . .      SeeInvis .   L - +3 hand axe {axe}
rCold   . . .      Faith    .   c - +0 buckler
rNeg    . . .      Spirit   +   F - +0 chain mail
rPois   .          Reflect  .   (helmet restricted)
rElec   .          Harm     .   u - +0 cloak
rCorr   .          Rampage  .   x - +0 pair of gloves {Str+3}
Will    .....                   O - +0 pair of boots
Stlth   ..........              s - amulet of guardian spirit
HPRegen 0.23/turn               (no ring)
MPRegen 0.11/turn               (no ring)

@: lit by a corona, glowing
A: reduced essence, horns 2, retaliatory headbutt
a: Renounce Religion, Recall Ancestor, Ancestor Identity


You were in a bailey.
You worshipped Hepliaklqana.
Hepliaklqana was aware of your devotion.
You visited 2 branches of the dungeon, and saw 9 of its levels.
You also visited: Bailey.

You collected 495 gold pieces.
You spent 120 gold pieces at shops.


Innate Abilities, Weirdness & Mutations

Your life essence is reduced to manifest your ancestor. (-10% HP)
You have a pair of horns on your head.
You reflexively headbutt those who attack you in melee.


   Skills:
 + Level 9.3 Fighting
 + Level 8.9 Axes
 + Level 9.3 Armour
 + Level 4.0 Dodging
 + Level 9.3 Shields


You had 9 spell levels left.
You didn't know any spells.
Your spell library contained the following spells:

 Spells                   Type           Power      Damage    Failure   Level
 Conjure Flame            Conj/Fire      0%         6-21      100%        3
 Ignite Poison            Fire/Tmut/Pois 0%         N/A       100%        3
 Sticky Flame             Conj/Fire      0%         2d3       100%        4

Inventory:

Hand Weapons
 a - a +0 war axe {axe}
 d - a +4 trident {polearm}
   (You took it off a wight on level 8 of the Dungeon)
 r - a +2 hand axe of freezing {axe}
   (You took it off an orc on level 4 of the Dungeon)
 y - a +2 trident of flaming {polearm}
   (You took it off an orc on level 5 of the Dungeon)
 L - a +3 hand axe (weapon) {axe}
   (You found it on level 7 of the Dungeon)
 M - a +0 battleaxe {axe}
   (You found it on level 7 of the Dungeon)
 N - a +0 trident of venom {polearm}
   (You took it off an orc warrior on level 7 of the Dungeon)
Missiles
 p - 3 poisoned darts (quivered) {throwing}
Armour
 b - a +0 scale mail
 c - a +0 buckler (worn)
 u - a +0 cloak (worn)
   (You found it on level 4 of the Dungeon)
 x - a +0 pair of gloves of strength (worn)
   (You bought it in a shop on level 4 of the Dungeon)
 D - a +2 robe of willpower
   (You took it off Pikel on level 6 of the Dungeon)
 F - a +0 chain mail (worn)
   (You took it off an orc on level 6 of the Dungeon)
 O - a +0 pair of boots (worn)
   (You found it on level 8 of the Dungeon)
Jewellery
 s - an amulet of guardian spirit (around neck)
   (You found it on level 4 of the Dungeon)
 J - a ring of poison resistance
   (You found it on level 7 of the Dungeon)
 K - a ring of fire
   (You found it on level 7 of the Dungeon)
Wands
 z - a wand of flame (2)
   (You found it on level 5 of the Dungeon)
 G - a wand of mindburst (18)
   (You found it on level 7 of the Dungeon)
 H - a wand of acid (17)
   (You found it on level 7 of the Dungeon)
 I - a wand of paralysis (13)
   (You found it on level 7 of the Dungeon)
Scrolls
 f - 2 scrolls of silence {unknown}
 i - 2 scrolls of amnesia
 j - 2 scrolls of teleportation {@r4}
 l - a scroll of fear {unknown}
 m - 3 scrolls of identify {unknown}
 n - a scroll of acquirement {unknown}
 w - 2 scrolls of immolation {unknown}
 C - 3 scrolls of blinking {unknown}
 E - a scroll of fog {unknown}
Potions
 e - 2 potions of curing {@q1}
 g - a potion of cancellation {unknown}
 h - a potion of resistance {unknown}
 k - a potion of flight {unknown}
 o - a potion of magic {unknown}
 q - 3 potions of heal wounds {unknown}
 t - 2 potions of degeneration {unknown}
 v - a potion of brilliance {unknown}
 A - a potion of mutation {unknown}
 B - a potion of lignification {unknown}

Dungeon Overview and Level Annotations

Branches:
Dungeon (8/15)             Temple (1/1) D:6          Bailey (1/1)
   Lair: D:8-11

Altars:
Ashenzari
Cheibriados
Gozag
Hepliaklqana
Kikubaaqudgha
Makhleb
Nemelex Xobeh
Okawaru
Qazlal
Ru
Sif Muna
Trog
Uskayaw
Vehumet
Wu Jian
Xom
Yredelemnul
Zin
The Shining One

Shops:
D:4 [*   D:6 = D:7

* ♣♣♣♣♣♣♣♣♣♣♣♣♣♣♣♣♣♣♣
♣♣≈≈≈≈≈≈≈≈≈≈≈≈≈≈≈≈≈♣♣
♣≈≈...............≈≈♣
♣≈.................≈♣
♣≈..#####...#####..≈♣
♣≈.##...#(..# ##.≈♣
♣≈##..gRg...+ #≈♣
♣≈#..))g#...# ≈♣
♣≈#8.g.)##@## ≈♣
♣≈#....##...## ≈♣
♣≈#...##.....##
♣≈#...#.......#
♣≈#...#...8...#
♣≈#...#.......# ≈♣
♣≈#...##...).## ≈♣
♣≈#....##)))## ≈♣ ♣≈
##(## ≈♣ ♣≈ #.).# ≈♣
♣≈## #...# ##≈♣


You could see the friendly Appius the ancestor and a gnoll sergeant (fast, ally
target).


Message History

There is an open door here. 😨 HP[+1]
You barely miss the wolf. You headbutt the wolf.
Appius hits the gnoll sergeant.
The wolf bites you but does no damage.
The gnoll sergeant hits you from afar with a +0 glaive.
* * * LOW HITPOINT WARNING * * *
The gnoll sergeant barely misses Appius. 😨 HP[-1]
You take 1 damage, and now have 28/81 hp.
You closely miss the wolf. The wolf bites you but does no damage.
Appius hits the gnoll sergeant but does no damage.
The gnoll sergeant barely misses you.
The gnoll sergeant barely misses Appius.
The gnoll hits you from afar with a +0 halberd.
* * * LOW HITPOINT WARNING * * *
The wolf bites you.
* * * LOW HITPOINT WARNING * * *
😨 HP[-7] MP[-1]
You take 7 damage, and now have 21/81 hp.
You lost 1 mp, and now have 3/9 mp.
It was a potion of curing.
You feel better. The wolf barely misses you. You furiously retaliate!
You headbutt the wolf!
You kill the wolf!
Appius hits the gnoll sergeant but does no damage.
The gnoll closely misses you. The gnoll sergeant barely misses you.
The gnoll sergeant closely misses Appius. 😨 HP[+10]
You regained 10 hp, and now have 31/81 hp.
The gnoll barely misses you.
Appius barely misses the gnoll sergeant.
The gnoll sergeant hits you but does no damage.
The gnoll shaman calls upon its god to speed up the gnoll sergeant.
The gnoll sergeant seems to speed up.
You block the gnoll sergeant's attack.
The gnoll sergeant hits Appius with a +0 glaive!
Things that are here:
a +0 trident {polearm}; a +0 scale mail; 😨 HP[+1]
You slash the gnoll sergeant! You hit the gnoll but do no damage.
The gnoll sergeant completely misses you.
Appius hits the gnoll sergeant.
The gnoll sergeant dies!
The gnoll closely misses you. The gnoll shaman closely misses you.
The gnoll sergeant hits you but does no damage.
You completely miss the gnoll sergeant. You hit the gnoll but do no damage.
The gnoll sergeant completely misses you.
The gnoll hits you but does no damage.
Appius closely misses the gnoll sergeant.
The gnoll shaman hits you from afar with a +0 spear!
* * * LOW HITPOINT WARNING * * *
The gnoll sergeant hits you from afar with a +0 halberd!
* * * LOW HITPOINT WARNING * * *
The gnoll sergeant barely misses you. 😱 HP[-17] MP[-1]
You take 17 damage, and now have 15/81 hp.
MASSIVE DAMAGE!! (PAUSE)
You lost 1 mp, and now have 2/9 mp.
You barely miss the gnoll sergeant. You barely miss the gnoll.
The gnoll barely misses you. You block the gnoll sergeant's attack.
Appius barely misses the gnoll sergeant.
The gnoll shaman hits you from afar with a +0 spear!
* * * LOW HITPOINT WARNING * * *
You block the gnoll's attack.
The gnoll sergeant hits you with a +0 glaive.
* * * LOW HITPOINT WARNING * * *
😱 HP[-8] MP[-1]
You take 8 damage, and now have 7/81 hp.
You lost 1 mp, and now have 1/9 mp.
Appius hits the gnoll sergeant.
The gnoll sergeant dies!
Your Dodging skill increases to level 4!
There is an open door here.
Appius hits the gnoll sergeant. 😱 HP[+1]
You block the gnoll sergeant's attack.
You closely miss the gnoll sergeant.
The gnoll sergeant hits you with a +0 halberd!
* * * LOW HITPOINT WARNING * * *
Something closely misses Appius.
Appius hits the gnoll sergeant but does no damage. 😱 HP[-7] MP[-1]
You take 7 damage, and now have 1/81 hp.
You lost 1 mp, and now have 0/9 mp.
You feel better.
The gnoll closely misses Appius.
The gnoll sergeant hits you but does no damage.
Appius hits the gnoll sergeant but does no damage.
The gnoll sergeant hits you with a +0 halberd.
* * * LOW HITPOINT WARNING * * *
😱 HP[+5]
You regained 5 hp, and now have 6/81 hp.
You hit the gnoll sergeant.
You headbutt the gnoll sergeant, but do no damage.
Something barely misses Appius.
The gnoll sergeant hits you with a +0 halberd.
* * * LOW HITPOINT WARNING * * *
Appius hits the gnoll sergeant but does no damage. 😱 HP[-5]
You take 5 damage, and now have 1/81 hp.
Something hits Appius!
The gnoll sergeant hits you from afar with a +0 halberd.
You die...

Skill      XL: |  1  2  3  4  5  6  7  8  9 10 |
---------------+-------------------------------+-----
Armour         | 4 5 6 7 9 |  9.3
Fighting       | 4 5 6 7 9 |  9.3
Shields        | 4 5 6 7 9 |  9.3
Axes           | 3 4 5 6 7 8 |  8.9
Dodging        | 3 4 |  4.0

Action                   |  1- 3 |  4- 6 |  7- 9 | 10-12 || total
-------------------------+-------+-------+-------+-------++-------
Melee: War axe           |    86 |   146 |       |       ||   232
       Headbutt          |     8 |    30 |    52 |     8 ||    98
       Hand axe          |       |    37 |   272 |    31 ||   340
Throw: Dart              |       |       |     3 |       ||     3
  Use: Scroll            |       |       |     2 |       ||     2
       Potion            |       |       |     1 |     2 ||     3
Armor: Scale mail        |    44 |    81 |    77 |       ||   202
       Chain mail        |       |       |    51 |    31 ||    82
Dodge: Dodged            |    50 |    82 |    96 |    34 ||   262
Block: Buckler           |    18 |    42 |    61 |    21 ||   142

Levels and vault maps discovered:
D:1:      dpeg_arrival_short_road, layout_basic
D:2:      layout_loops_ring, basic_altar, serial_bayou, serial_bayou_crossing,
          serial_bayou_pond_c, serial_bayou_shore_a, serial_bayou_lake_a,
          serial_bayou_lagoon_b, dreamdust_ecumenical_altar_drowned_temple,
          uniq_jessica
D:3:      layout_loops_cross, trog_hazing_becter, serial_bayou_pond_e
D:4:      layout_rooms, mainiacjoe_overflow_tiny_flanked,
          nicolae_wooded_promenade
D:5:      layout_loops_ring, nicolae_elyvilon_temple_path, lemuel_round_altar,
          nicolae_uskayaw_dance_hall, uniq_ijyb, uniq_menkaure
D:6:      layout_loops_ring, grunt_gozag_breadcrumbs,
          minmay_temple_entry_poolview, serial_shops, shop,
          kennysheep_opposing_triangles, uniq_pikel, uniq_grinder
D:7:      layout_layer_cave, slow_altar_1, nicolae_qazlal_general_emergency,
          zin_purify, grunt_tough_drop
D:8:      layout_basic, evilmike_ruin_ashenzari, enter_bailey_3
Temple:   eino_temple_lava
Bailey:   bailey_polearm_gnolls_kennysheep, bailey

Notes
Turn   | Place    | Note
-------+----------+-------------------------------------------
     0 | D:1      | Faeu the Minotaur Fighter began the quest for the Orb.
     0 | D:1      | Reached XP level 1. HP: 19/19 MP: 0/0
     0 | D:1      | magus.rc [v1.9.6]
    86 | D:1      | Reached XP level 2. HP: 19/27 MP: 1/1
   373 | D:1      | Reached skill level 4 in Armour
   590 | D:1      | Reached skill level 4 in Fighting
   590 | D:1      | Reached skill level 4 in Shields
   674 | D:1      | Reached skill level 3 in Axes
   674 | D:1      | Reached XP level 3. HP: 33/33 MP: 2/2
  1258 | D:2      | Found an opulent altar of Gozag.
  1496 | D:2      | Noticed Jessica
  1497 | D:2      | Killed Jessica
  1498 | D:2      | Reached XP level 4. HP: 41/41 MP: 3/3
  1966 | D:2      | Found a faded altar of an unknown god.
  2416 | D:3      | Reached XP level 5. HP: 46/47 MP: 4/4
  2716 | D:3      | Found a bloodstained altar of Trog.
  2732 | D:3      | Reached skill level 4 in Axes
  3440 | D:4      | Reached skill level 5 in Armour
  3441 | D:4      | Reached skill level 5 in Shields
  3462 | D:4      | Reached skill level 5 in Fighting
  3477 | D:4      | Reached XP level 6. HP: 17/56 MP: 5/5
  3949 | D:4      | Found a shimmering altar of Xom.
  4031 | D:4      | Found Weppaeff's Antique Armour Boutique.
  4044 | D:4      | Found Opnug's Assorted Antiques.
  4161 | D:4      | Bought a pair of runed gloves for 120 gold pieces
  4208 | D:5      | Entered Level 5 of the Dungeon
  4208 | D:5      | Noticed a sky beast
  4218 | D:5      | Killed a sky beast
  4219 | D:5      | Reached skill level 5 in Axes
  4219 | D:5      | Reached XP level 7. HP: 62/62 MP: 6/6
  4228 | D:5      | Found a hide-covered altar of Uskayaw.
  4238 | D:5      | Noticed Ijyb
  4247 | D:5      | Paralysed by Ijyb for 6 turns
  4256 | D:5      | Killed Ijyb
  4399 | D:5      | Noticed Menkaure
  4420 | D:5      | Killed Menkaure
  4421 | D:5      | Reached skill level 6 in Fighting
  4421 | D:5      | Reached skill level 6 in Armour
  4421 | D:5      | Reached skill level 6 in Shields
  4550 | D:5      | Noticed a yak
  4571 | D:5      | Noticed a yak
  4618 | D:5      | Found a glowing golden altar of the Shining One.
  4698 | D:5      | Noticed a yak
  4699 | D:5      | Noticed a yak
  4770 | D:6      | HP: 15/64 [yak (4)]
  4773 | D:6      | Killed a yak
  4774 | D:6      | Reached skill level 6 in Axes
  4774 | D:6      | Reached XP level 8. HP: 14/71 MP: 1/7
  5059 | D:6      | Reached skill level 7 in Armour
  5183 | D:6      | Reached skill level 7 in Shields
  5187 | D:6      | Noticed Pikel
  5236 | D:6      | Reached skill level 7 in Fighting
  5364 | D:6      | Killed Pikel
  5365 | D:6      | Reached skill level 7 in Axes
  5497 | D:6      | Found Fisomiyj's Jewellery Shoppe.
  5678 | D:6      | Reached XP level 9. HP: 76/81 MP: 5/8
  5834 | D:6      | Found a staircase to the Ecumenical Temple.
  5844 | Temple   | Entered the Ecumenical Temple
  5913 | Temple   | Became a worshipper of Hepliaklqana the Forgotten
  5954 | D:6      | Found an opulent altar of Gozag.
  6051 | D:6      | Noticed Grinder
  6062 | D:6      | Killed Grinder
  6063 | D:6      | Reached skill level 8 in Fighting
  6063 | D:6      | Reached skill level 8 in Armour
  6063 | D:6      | Reached skill level 8 in Shields
  6711 | D:7      | Reached skill level 1 in Dodging
  6930 | D:7      | Found Zin's Purification Station.
  6933 | D:7      | Found a glowing silver altar of Zin.
  7163 | D:7      | Reached skill level 8 in Axes
  7234 | D:7      | Found a stormy altar of Qazlal.
  7241 | D:7      | You add the spells Conjure Flame, Ignite Poison and Sticky
                  | Flame to your library.
  7311 | D:7      | Found a snail-covered altar of Cheibriados.
  7323 | D:7      | Reached skill level 2 in Dodging
  7524 | D:7      | Noticed a kobold demonologist
  7674 | D:8      | Reached * piety under Hepliaklqana
  7746 | D:8      | Noticed a two-headed ogre
  7761 | D:8      | Killed a two-headed ogre
  7762 | D:8      | Reached skill level 9 in Fighting
  7762 | D:8      | Reached skill level 9 in Armour
  7762 | D:8      | Reached skill level 3 in Dodging
  7762 | D:8      | Reached skill level 9 in Shields
  7969 | D:8      | Found a broken altar of Ashenzari.
  8206 | D:8      | Found a flagged portal.
  8219 | Bailey   | Entered a bailey
  8412 | Bailey   | Reached XP level 10. HP: 61/80 MP: 5/9
  8635 | Bailey   | HP: 15/81 [gnoll sergeant/+0 halberd (10)]
  8636 | Bailey   | HP: 7/81 [gnoll sergeant/+0 glaive (1)]
  8638 | Bailey   | Reached skill level 4 in Dodging
  8640 | Bailey   | HP: 1/81 [gnoll sergeant/+0 halberd (7)]
  8643 | Bailey   | Slain by a gnoll sergeant

Vanquished Creatures
  A two-headed ogre (D:8)
  Pikel (D:6)
  Grinder (D:6)
  A yak (D:6)
  Menkaure (D:5)
  3 sky beasts
  A black bear (D:6)
  An orc warrior (D:7)
  2 ogres
  3 wolves (Bailey)
  2 lemures (D:6)
  3 scorpions (D:7)
  A wyvern zombie (D:8)
  A gnoll sergeant (Bailey)
  A water moccasin zombie (D:5)
  5 wights (D:8)
  7 howler monkeys
  A bullfrog zombie (D:7)
  2 gnoll shamans (Bailey)
  A centaur zombie (D:5)
  5 orc priests
  3 hounds
  A centaur skeleton (D:6)
  Jessica (D:2)
  3 iguanas
  Ijyb (D:5)
  6 orc wizards
  A killer bee zombie (D:4)
  3 hound skeletons (D:4)
  A mummy (D:7)
  9 gnolls (Bailey)
  10 adders
  3 shadow imps
  A worm (D:4)
  A dart slug (D:1)
  28 orcs
  13 ball pythons
  5 bats
  6 endoplasms
  2 giant cockroaches (D:1)
  14 goblins
  14 hobgoblins
  2 jackals (D:2)
  7 kobolds
  4 quokkas
  6 frilled lizards
  10 rats
  A spectral hobgoblin (D:2)
200 creatures vanquished.

Vanquished Creatures (collateral kills)
  2 gnoll sergeants (Bailey)
2 creatures vanquished.

Vanquished Creatures (others)
  An ancestor (D:8)
  50 plants
51 creatures vanquished.

Grand Total: 253 creatures vanquished

Table legend:
 A = Non-vault XP
 B = Vault XP
 C = Vault XP percentage of total XP
 D = Non-vault monster count
 E = Vault monster count
 F = Vault count percentage of total count
                 A         B        C        D         E       F
            +---------+---------+-------+---------+---------+-------
      Total |    3940 |    2331 |  37.2 |     159 |      41 |  20.5
            +---------+---------+-------+---------+---------+-------
        D:1 |      47 |       0 |   0.0 |      28 |       0 |   0.0
        D:2 |      69 |      38 |  35.5 |      22 |       2 |   8.3
        D:3 |      90 |      11 |  10.9 |      23 |       6 |  20.7
        D:4 |     363 |       0 |   0.0 |      28 |       0 |   0.0
        D:5 |     553 |     205 |  27.0 |      14 |       2 |  12.5
        D:6 |     630 |    1092 |  63.4 |      13 |       6 |  31.6
        D:7 |     904 |      72 |   7.4 |      15 |       2 |  11.8
        D:8 |    1284 |       8 |   0.6 |      16 |       4 |  20.0
     Bailey |       0 |     905 | 100.0 |       0 |      19 | 100.0
            +---------+---------+-------+---------+---------+-------

Illustrated notes

Table legend:
 A = Kills in this place as a percentage of kills in entire the game.
 B = Kills by you in this place as a percentage of kills by you in the entire game.
 C = Kills by friends in this place as a percentage of kills by friends in the entire game.
 D = Other kills in this place as a percentage of other kills in the entire game.
 E = Experience gained in this place as a percentage of experience gained in the entire game.
 F = Experience gained in this place divided by the number of levels of this place that you have seen.
                   A       B       C       D       E      F
               +-------+-------+-------+-------+-------+----------------------
         Total | 100.0 | 100.0 | 100.0 |   N/A | 100.0 | 627.1
       Dungeon |  90.5 |  91.4 |   0.0 |   N/A |  85.6 | 670.8
        Bailey |   9.5 |   8.6 | 100.0 |   N/A |  14.4 | 905.0
               +-------+-------+-------+-------+-------+----------------------

Table legend: (Time is in decaauts)
 A = Elapsed time spent in this place.
 B = Non-inter-level travel time spent in this place.
 C = Inter-level travel time spent in this place.
 D = Time resting spent in this place.
 E = Time spent auto-exploring this place.
 F = Levels seen in this place.
 G = Mean time per level.
                   A        B        C        D        E       F      G
               +--------+--------+--------+--------+--------+-----+--------+
         Total |   8793 |   8571 |    222 |   1044 |   4916 |  10 |  879.3 |
       Dungeon |   8296 |   8079 |    217 |    818 |   4819 |   8 | 1037.0 |
        Temple |     77 |     72 |      5 |      0 |     61 |   1 |   77.0 |
        Bailey |    418 |    418 |      0 |    226 |     36 |   1 |  418.0 |
               +--------+--------+--------+--------+--------+-----+--------+

Top non-repeatable levels by time:
     D:6: 1744 daAuts
     D:2: 1353 daAuts
     D:3: 1099 daAuts
     D:7: 1080 daAuts
     D:1: 1010 daAuts
     D:4: 903 daAuts
     D:5: 565 daAuts
     D:8: 541 daAuts
  Bailey: 418 daAuts
  Temple: 77 daAuts
